 Dungeon Crawl Stone Soup version 0.18-a0-1683-gf9322e6 (webtiles) character file.

62 Chiseanne the Magician (level 3, 0/26 HPs)
             Began as a Demonspawn Wanderer on Apr 3, 2016.
             Succumbed to an adder's poison
             ... on level 2 of the Dungeon.
             The game lasted 00:06:17 (2420 turns).

Chiseanne the Magician (Demonspawn Wanderer)        Turns: 2420, Time: 00:06:17

Health: 0/26       AC:  5    Str: 12    XL:     3   Next: 85%
Magic:  7/7        EV:  7    Int: 13    God:
Gold:   143        SH:  7    Dex: 13    Spells: 2 memorised, 5 levels left

rFire  . . .     SeeInvis .     a - +1 hand axe
rCold  . . .     Gourm    .     h - +0 ring mail
rNeg   . . .     Faith    .     t - +0 shield
rPois  .         Spirit   .     (helmet restricted)
rElec  .         Dismiss  .     (no cloak)
rCorr  +         Reflect  .     (no gloves)
SustAt .         Harm     .     (no boots)
MR     .....                    (no amulet)
Stlth  +.........               (no ring)
                                p - ring of resist corrosion

@: lethally poisoned (0 -> -8), not resistant to hostile enchantments, very
unstealthy
A: horns 1
a: no special abilities


You were on level 2 of the Dungeon.
You were not hungry.

You visited 1 branch of the dungeon, and saw 2 of its levels.

You collected 143 gold pieces.

Inventory:

Hand Weapons
 a - a +1 hand axe (weapon)
Missiles
 k - 21 bolts
 n - 20 arrows
Armour
 h - a +0 ring mail (worn)
 t - a +0 shield (worn)
Jewellery
 p - a ring of resist corrosion (left hand)
Scrolls
 c - a scroll of enchant weapon
 q - a scroll of amnesia
 s - a scroll of blinking
Potions
 d - a potion of flight {unknown}
 e - a potion of curing
 i - a potion of magic {unknown}
 j - a potion of brilliance {unknown}
 r - a potion of ambrosia {unknown}
Books
 b - Sif Muna's Handbook of Ice

   Spells                             Type                      Level
   a - Throw Frost                    Conjuration/Ice              2
   b - Ensorcelled Hibernation        Hexes/Ice                    2
 l - a book of Spatial Translocations

   Spells                             Type                      Level
   a - Apportation                    Translocation                1
   b - Blink                          Translocation                2
   c - Shroud of Golubria             Charms/Translocation         2
   d - Portal Projectile              Translocation                3
   e - Teleport Other                 Translocation                3
   f - Passage of Golubria            Translocation                4
Comestibles
 f - a bread ration
 g - 2 meat rations
 m - a royal jelly
 o - a chunk of flesh


   Skills:
 * Level 1.6 Fighting
 * Level 0.5 Armour
 - Level 0.6 Dodging
 - Level 1.0 Stealth
 * Level 0.8 Shields
 * Level 3.3 Spellcasting
   Level 2.0 Hexes
   Level 1.0 Summonings
 * Level 2.4 Translocations
   Level 1.0 Evocations


You had 5 spell levels left.
You knew the following spells:

 Your Spells              Type           Power        Failure   Level  Hunger
a - Apportation           Tloc           #.........   95%         1    #......
b - Blink                 Tloc           N/A          99%         2    ##.....


Dungeon Overview and Level Annotations

Branches:
Dungeon (2/15)

Altars:


Innate Abilities, Weirdness & Mutations

You have a pair of small horns on your head.


Message History

The adder is lightly wounded.
You feel sick. The adder bites you.
You miss the adder. You headbutt the adder.
The adder is severely wounded.
You feel sick. The adder bites you.
* * * LOW HITPOINT WARNING * * *
The adder bites you but does no damage.
You miss the adder. Your headbutt misses the adder.
The adder is severely wounded.
* * * LOW HITPOINT WARNING * * *
You feel sick. You block the adder's attack. The adder bites you.
* * * LOW HITPOINT WARNING * * *
You hit the adder. Your headbutt misses the adder.
The adder is almost dead.
* * * LOW HITPOINT WARNING * * *
You feel sick. You block the adder's attack.
The adder bites you but does no damage.
You hit the adder. Your headbutt misses the adder.
The adder is almost dead.
You die...

#########..
#.......#.# #.#
#.#####.#.# #.# #.#
#...#.# #.#
####.###.###.# #.#
.....#...# #[# #.#
.......#.# #.# #.#
####.#######.# #S#
....#........###@#
.................#
##.##.############
.#.##.# ...##.#
#####.##############
........#<.........#
#####.....########.###
#.###............#


You could see an adder.

Vanquished Creatures
  3 adders (D:2)
  A worm (D:2)
  A dart slug (D:1)
  A giant gecko (D:1)
  A giant cockroach (D:1)
  5 goblins
  5 hobgoblins
  A quokka (D:2)
  4 bats
  3 giant newts
  2 kobolds
  4 rats (D:1)
31 creatures vanquished.

Notes
Turn   | Place    | Note
--------------------------------------------------------------
     0 | D:1      | Chiseanne the Demonspawn Wanderer began the quest for the Orb.
     0 | D:1      | Chiseanne set off with: a book of Spatial Translocations, Sif Muna's Handbook of Ice, a +0 robe, a +0 dagger, a bread ration
     0 | D:1      | Reached XP level 1. HP: 13/13 MP: 4/4
     1 | D:1      | Identified Sif Muna's Handbook of Ice
     3 | D:1      | Learned a level 1 spell: Apportation
   320 | D:1      | Gained mutation: You have a pair of small horns on your head. [demonic ancestry]
   320 | D:1      | Reached XP level 2. HP: 6/20 MP: 6/6
   328 | D:1      | HP: 1/20 [kobold (1)]
   785 | D:1      | Reached skill level 1 in Fighting
   944 | D:1      | Learned a level 2 spell: Blink
  1558 | D:2      | Reached XP level 3. HP: 19/26 MP: 7/7
  2419 | D:2      | HP: 1/26 [poisoned by an adder]
  2420 | D:2      | Succumbed to an adder's poison

Vault maps used:
D:1:      tarquinn_simple_flora_water_d

Skill      XL: |  1  2 |
---------------+-------+-----
Fighting       | 1 |  1.6
Translocations | 2 |  2.4
Armour         | |  0.5
Dodging        | |  0.6
Stealth        | |  1.0
Shields        | |  0.8
Spellcasting   | |  3.3
Hexes          | |  2.0
Summonings     | |  1.0
Evocations     | |  1.0

Action                   || total
-------------------------++-------
Melee: Dagger            ||    39
       Hand axe          ||   100
  Use: Scroll            ||     9
       Potion            ||     1
  Eat: Chunk             ||     5
